 Dungeon Crawl Stone Soup version 0.24.0-41-g2ae2f7f1be (webtiles) character file.

Game seed: 17841597539431680379, levelgen mode: deterministic

2909 FishyPogo the Magician (level 9, -1/66 HPs)
             Began as a Gnoll Fire Elementalist on Dec 14, 2019.
             Was a Priest of Makhleb.
             Slain by Erica
             ... wielding a +3 scimitar of flaming
              (13 damage)
             ... on level 8 of the Dungeon.
             The game lasted 00:35:56 (6862 turns).

FishyPogo the Magician (Gnoll Fire Elementalist)    Turns: 6862, Time: 00:35:56

Health: -1/66      AC:  5    Str: 14    XL:     9   Next: 78%
Magic:  2/19       EV: 17    Int: 23    God:    Makhleb [***...]
Gold:   390        SH:  0    Dex: 18    Spells: 4/21 levels left

rFire    + . .     SeeInvis +   a - +2 whip of World's End {holy, rF+ Int+5 Dex+3}
rCold    . . .     Gourm    .   (no shield)
rNeg     . . .     Faith    +   y - +0 robe
rPois    .         Spirit   .   (no helmet)
rElec    .         Reflect  .   (no cloak)
rCorr    .         Harm     .   w - +2 pair of gloves
MR       .....                  (no boots)
Stlth    ++........             j - amulet of faith
HPRegen  0.21/turn              B - ring of see invisible
MPRegen  0.16/turn              J - ring of attention (curse)

@: very slightly contaminated
A: distributed training, fangs 1, strong nose
a: Minor Destruction, Lesser Servant of Makhleb, Renounce Religion


You were on level 8 of the Dungeon.
You worshipped Makhleb.
Makhleb was most pleased with you.
You were hungry.

You visited 2 branches of the dungeon, and saw 9 of its levels.
You also visited: Sewer.

You collected 390 gold pieces.

Inventory:

Hand Weapons
 a - the +2 whip of World's End (weapon) {holy, rF+ Int+5 Dex+3}
   (You found it on level 7 of the Dungeon)

   It has been blessed by the Shining One to cause great damage to the undead
   and demons.
   It affects your intelligence (+5).
   It affects your dexterity (+3).
   It protects you from fire.
 b - a +4 flail of protection
Missiles
 d - 229 stones
 n - 8 boomerangs
 x - 2 javelins (quivered)
 G - 8 poisoned darts
Armour
 s - a +0 ring mail
 w - a +2 pair of gloves (worn)
 y - a +0 robe (worn)
Jewellery
 j - an amulet of faith (around neck)
 r - a +3 amulet of reflection
 A - an uncursed ring of magical power
 B - a ring of see invisible (left hand)
 C - an uncursed ring of magical power
 J - a cursed ring of attention (right hand)
Wands
 E - a wand of enslavement (13)
Scrolls
 e - a scroll of amnesia
 f - a scroll of immolation
 g - a scroll of remove curse
 q - 4 scrolls of identify
 F - a scroll of vulnerability {unknown}
 I - a scroll of magic mapping {unknown}
Potions
 h - 2 potions of resistance {unknown}
 i - 2 potions of brilliance {unknown}
 k - a potion of berserk rage
 l - 3 potions of mutation {unknown}
 m - a potion of invisibility
 p - 2 potions of flight {unknown}
 t - 2 potions of magic {unknown}
 u - a potion of curing
 v - a potion of haste {unknown}
 z - 2 potions of lignification {unknown}
 D - a potion of agility {unknown}
Comestibles
 c - 14 rations
 H - 6 chunks of flesh


   Skills:
 + Level 4.5 Fighting
 + Level 4.5 Short Blades
 + Level 4.5 Long Blades
 + Level 4.5 Axes
 + Level 4.5 Maces & Flails
 + Level 4.5 Polearms
 + Level 4.5 Staves
 + Level 4.5 Slings
 + Level 4.5 Bows
 + Level 4.5 Crossbows
 + Level 4.5 Throwing
 + Level 4.5 Armour
 + Level 6.5 Dodging
 + Level 6.2 Stealth
 + Level 4.5 Shields
 + Level 4.5 Unarmed Combat
 + Level 6.8 Spellcasting
 + Level 4.3 Conjurations
 + Level 3.7 Hexes
 + Level 3.7 Charms
 + Level 3.7 Summonings
 + Level 3.7 Necromancy
 + Level 3.7 Translocations
 + Level 3.7 Transmutations
 + Level 6.6 Fire Magic
 + Level 3.7 Ice Magic
 + Level 3.7 Air Magic
 + Level 3.7 Earth Magic
 + Level 3.7 Poison Magic
 + Level 4.9 Invocations
 + Level 4.5 Evocations


You had 4 spell levels left.
You knew the following spells:

 Your Spells              Type           Power        Failure   Level  Hunger
a - Flame Tongue          Conj/Fire      ####.        1%          1    None
b - Throw Flame           Conj/Fire      ####..       1%          2    None
c - Sticky Flame          Conj/Fire      ####....     9%          4    ###....
d - Force Lance           Conj/Tloc      ####....     16%         4    ###....
j - Conjure Flame         Conj/Fire      ####....     2%          3    None
k - Inner Flame           Hex/Fire       ####....     2%          3    None

Your spell library contained the following spells:

 Spells                   Type           Power        Failure   Level  Hunger
 Magic Dart               Conj           ####         1%          1    None
 Searing Ray              Conj           ####..       1%          2    None
 Dazzling Spray           Conj/Hex       ####..       4%          3    None
 Iskenderun's Mystic Bla  Conj           ####....     13%         4    ###....
 Fulminant Prism          Conj/Hex       ####......   16%         4    ###....
 Fireball                 Conj/Fire      ####......   22%         5    #####..


Dungeon Overview and Level Annotations

Branches:
Dungeon (8/15)             Temple (1/1) D:4           Sewer (visited)
   Lair: D:8-11

Altars:
Ashenzari
Cheibriados
Dithmenos
Elyvilon
Fedhas
Gozag
Hepliaklqana
Kikubaaqudgha
Makhleb
Nemelex Xobeh
Okawaru
Qazlal
Ru
Sif Muna
Trog
Uskayaw
Vehumet
Wu Jian
Xom
Yredelemnul
Zin
The Shining One
Lugonu

Annotations:
D:7 2 transporters
D:8 Erica, Prince Ribbit


Innate Abilities, Weirdness & Mutations

Your experience applies equally to all skills.
You have very sharp teeth.
Your uncanny sense of smell can sniff out nearby items.


Message History

Your neqoxec hits Erica!
Erica hits you with a +3 scimitar of flaming!
* * * LOW HITPOINT WARNING * * *
Erica burns you.
* * * LOW HITPOINT WARNING * * *
You feel much better. The crocodile misses you.
Your neqoxec barely misses Erica.
Erica hits you but does no damage.
You feel better. The crocodile bites you!
Your neqoxec hits Erica!
Erica hits you with a +3 scimitar of flaming!
* * * LOW HITPOINT WARNING * * *
Erica burns you.
* * * LOW HITPOINT WARNING * * *
You whack Erica! Your bite misses Erica.
Erica is heavily wounded.
Your neqoxec hits Erica! The crocodile bites you.
* * * LOW HITPOINT WARNING * * *
You hit Erica. You punch Erica.
Erica is severely wounded.
Erica hits you with a +3 scimitar of flaming!
You die...

#†............
.=...........
#...........
#...F.......
#..O.a......
####h###
#...x3<#
#.##@### # #@#
#t# #.# ..#
###


You could see Erica, Prince Ribbit, an unseen horror (inner flame), a crocodile,
an ogre, a howler monkey, a worker ant and a friendly neqoxec.

Vanquished Creatures
  A hippogriff (D:6)
  A steam dragon (D:7)
  Edmund (D:6)
  2 orc warriors (D:6)
  2 sky beasts
  A phantom (D:6)
  Purgy (Sewer)
  A black bear (D:8)
  2 ice beasts
  2 ogres
  A centaur (D:6)
  2 scorpions
  4 killer bees (D:7)
  4 wights (D:5)
  A bullfrog zombie (D:6)
  A bullfrog skeleton (D:8)
  5 hounds
  5 orc priests
  8 orc wizards
  2 iguanas
  A killer bee zombie (D:5)
  A hound skeleton (D:5)
  A worker ant zombie (D:6)
  A gnoll (D:1)
  13 adders
  2 shadow imps (D:7)
  3 oozes
  An adder zombie (D:7)
  3 worms (D:2)
  A dart slug (D:1)
  5 leopard geckos
  26 orcs
  10 bats
  4 giant cockroaches
  7 hobgoblins
  14 jackals
  3 quokkas
  5 frilled lizards
  8 goblins
  6 kobolds
  A leopard gecko skeleton (D:4)
  6 rats
169 creatures vanquished.

Vanquished Creatures (others)
  An orc wizard (D:5)
1 creature vanquished.

Grand Total: 170 creatures vanquished

Notes
Turn   | Place    | Note
-------+----------+-------------------------------------------
     0 | D:1      | FishyPogo the Gnoll Fire Elementalist began the quest for
                  | the Orb.
     0 | D:1      | Reached XP level 1. HP: 13/13 MP: 6/6
   169 | D:1      | Reached XP level 2. HP: 15/19 MP: 5/7
   395 | D:1      | Learned a level 2 spell: Throw Flame
   507 | D:1      | Reached XP level 3. HP: 25/25 MP: 5/9
   519 | D:1      | Reached skill level 5 in Spellcasting
   696 | D:2      | Learned a level 3 spell: Conjure Flame
   700 | D:2      | Learned a level 3 spell: Inner Flame
   711 | D:2      | Reached skill level 1 in Invocations
   924 | D:2      | Reached skill level 1 in Fighting
   924 | D:2      | Reached skill level 1 in Short Blades
   924 | D:2      | Reached skill level 1 in Long Blades
   924 | D:2      | Reached skill level 1 in Axes
   924 | D:2      | Reached skill level 1 in Maces & Flails
   924 | D:2      | Reached skill level 1 in Polearms
   924 | D:2      | Reached skill level 1 in Staves
   924 | D:2      | Reached skill level 1 in Slings
   924 | D:2      | Reached skill level 1 in Bows
   924 | D:2      | Reached skill level 1 in Crossbows
   924 | D:2      | Reached skill level 1 in Throwing
   924 | D:2      | Reached skill level 1 in Armour
   924 | D:2      | Reached skill level 1 in Shields
   924 | D:2      | Reached skill level 1 in Unarmed Combat
   924 | D:2      | Reached skill level 1 in Evocations
   924 | D:2      | Reached XP level 4. HP: 22/32 MP: 7/11
   930 | D:2      | Learned a level 4 spell: Sticky Flame
  1225 | D:2      | Reached skill level 1 in Hexes
  1225 | D:2      | Reached skill level 1 in Charms
  1225 | D:2      | Reached skill level 1 in Summonings
  1225 | D:2      | Reached skill level 1 in Necromancy
  1225 | D:2      | Reached skill level 1 in Translocations
  1225 | D:2      | Reached skill level 1 in Transmutations
  1225 | D:2      | Reached skill level 1 in Ice Magic
  1225 | D:2      | Reached skill level 1 in Air Magic
  1225 | D:2      | Reached skill level 1 in Earth Magic
  1225 | D:2      | Reached skill level 1 in Poison Magic
  1888 | D:3      | Reached XP level 5. HP: 37/37 MP: 10/12
  1931 | D:3      | Found a glowing drain.
  1937 | Sewer    | Entered a sewer
  1967 | Sewer    | Noticed Purgy
  2062 | Sewer    | Killed Purgy
  2062 | Sewer    | Reached XP level 6. HP: 21/44 MP: 0/13
  3107 | D:4      | Found a burning altar of Makhleb.
  3107 | D:4      | Noticed an Executioner
  3110 | D:4      | Noticed a hellwing
  3110 | D:4      | Noticed a ynoxinul
  3112 | D:4      | Became a worshipper of Makhleb the Destroyer
  3165 | D:4      | Reached skill level 5 in Dodging
  3266 | D:4      | Found a staircase to the Ecumenical Temple.
  3574 | D:4      | Found a basalt altar of Yredelemnul.
  3624 | Temple   | Entered the Ecumenical Temple
  3773 | D:5      | Entered Level 5 of the Dungeon
  4057 | D:5      | Reached XP level 7. HP: 50/50 MP: 1/15
  4255 | D:5      | Reached * piety under Makhleb
  4507 | D:5      | Reached skill level 5 in Stealth
  4663 | D:5      | Reached XP level 8. HP: 57/57 MP: 16/16
  5145 | D:6      | Found a hide-covered altar of Uskayaw.
  5166 | D:6      | Reached ** piety under Makhleb
  5475 | D:6      | Reached XP level 9. HP: 61/65 MP: 9/18
  5530 | D:6      | Noticed Edmund
  5656 | D:6      | Killed Edmund
  6128 | D:6      | HP: 3/65 [hippogriff (6)]
  6352 | D:7      | Learned a level 4 spell: Force Lance
  6358 | D:7      | Reached *** piety under Makhleb
  6461 | D:7      | Got a warped whip
  6462 | D:7      | Identified the +2 whip of World's End {holy, rF+ Int+5
                  | Dex+3} (You found it on level 7 of the Dungeon)
  6529 | D:7      | Found a corrupted altar of Lugonu.
  6530 | D:7      | Noticed a green ugly thing
  6530 | D:7      | Noticed an ancient zyme
  6805 | D:7      | Found a transporter.
  6808 | D:7      | Found a transporter.
  6835 | D:8      | Noticed an unseen horror
  6850 | D:8      | Noticed Prince Ribbit
  6853 | D:8      | Noticed Erica
  6862 | D:8      | Slain by Erica

Levels and vault maps discovered:
D:1:      ncdulo_smallfort, layout_basic
D:2:      layout_loops_cross
D:3:      layout_loops_ring, gup_sewer_entry_spiral
D:4:      layout_gridville, old_standard_altar, minmay_temple_entry_glass,
          makhleb_altar_promises_db
D:5:      layout_basic, first_ration
D:6:      cheibrodos_quashed, layout_basic, basic_altar, uniq_edmund
D:7:      gammafunk_corrupted_shrine, layout_cave_pools
D:8:      layout_basic, fountainhead, uniq_harold, uniq_erica,
          uniq_prince_ribbit1
Temple:   kilobyte_greek_temple

Skill      XL: |  1  2  3  4  5  6  7  8  9 |
---------------+----------------------------+-----
Conjurations   | 2 3 4 |  4.3
Spellcasting   | 5 6 |  6.8
Invocations    | 1 2 3 4 |  4.9
Fighting       | 1 2 3 4 |  4.5
Short Blades   | 1 2 3 4 |  4.5
Long Blades    | 1 2 3 4 |  4.5
Axes           | 1 2 3 4 |  4.5
Maces & Flails | 1 2 3 4 |  4.5
Polearms       | 1 2 3 4 |  4.5
Staves         | 1 2 3 4 |  4.5
Slings         | 1 2 3 4 |  4.5
Bows           | 1 2 3 4 |  4.5
Crossbows      | 1 2 3 4 |  4.5
Throwing       | 1 2 3 4 |  4.5
Armour         | 1 2 3 4 |  4.5
Shields        | 1 2 3 4 |  4.5
Unarmed Combat | 1 2 3 4 |  4.5
Evocations     | 1 2 3 4 |  4.5
Hexes          | 1 2 3 |  3.7
Charms         | 1 2 3 |  3.7
Summonings     | 1 2 3 |  3.7
Necromancy     | 1 2 3 |  3.7
Translocations | 1 2 3 |  3.7
Transmutations | 1 2 3 |  3.7
Ice Magic      | 1 2 3 |  3.7
Air Magic      | 1 2 3 |  3.7
Earth Magic    | 1 2 3 |  3.7
Poison Magic   | 1 2 3 |  3.7
Dodging        | 5 6 |  6.5
Stealth        | 5 6 |  6.2
Fire Magic     | 6 |  6.6

Action                   |  1- 3 |  4- 6 |  7- 9 || total
-------------------------+-------+-------+-------++-------
Melee: Short sword       |    12 |    51 |    75 ||   138
       Bite              |     1 |     3 |    14 ||    18
       Punch             |       |     1 |     1 ||     2
       Whip              |       |       |    28 ||    28
       Flail             |       |       |     5 ||     5
Throw: Stone             |       |    16 |     5 ||    21
       Javelin           |       |       |     1 ||     1
 Cast: Flame Tongue      |    34 |    70 |   163 ||   267
       Throw Flame       |     9 |    51 |    70 ||   130
       Conjure Flame     |       |     3 |     5 ||     8
       Sticky Flame      |       |       |     1 ||     1
       Inner Flame       |       |       |     1 ||     1
       Force Lance       |       |       |     1 ||     1
Invok: Minor Destruction |       |       |    33 ||    33
       Lesser Servant of |       |       |     2 ||     2
  Use: Scroll            |       |    12 |       ||    12
       Potion            |       |       |     3 ||     3
  Eat: Chunk             |       |    10 |     9 ||    19
Armor: Robe              |     3 |     6 |    32 ||    41
       Ring mail         |       |     5 |       ||     5
Dodge: Dodged            |    15 |    46 |   165 ||   226
Block: Other             |       |     5 |       ||     5
